 Dungeon Crawl Stone Soup version 0.21.1-1-g345015fe64 (webtiles) character file.

60 HooM the Chopper (level 4, -1/40 HPs)
             Began as a Hill Orc Fighter on Mar 12, 2018.
             Was an Initiate of Beogh.
             Killed from afar by an electric eel (11 damage)
             ... with a bolt of electricity
             ... on level 3 of the Dungeon.
             The game lasted 00:15:58 (2485 turns).

HooM the Chopper (Hill Orc Fighter)                 Turns: 2485, Time: 00:15:59

Health: -1/40      AC: 11    Str: 19    XL:     4   Next: 6%
Magic:  4/4        EV:  3    Int:  8    God:    Beogh [......]
Gold:   136        SH:  9    Dex: 10    Spells: 3/3 levels left

rFire    . . .     SeeInvis .   a - +0 war axe
rCold    . . .     Gourm    .   c - +0 shield
rNeg     . . .     Faith    .   t - +0 plate armour (curse)
rPois    .         Spirit   .   (no helmet)
rElec    .         Reflect  .   (no cloak)
rCorr    .         Harm     .   (no gloves)
MR       .....                  (no boots)
Stlth    ..........             (no amulet)
HPRegen  0.13/turn              (no ring)
MPRegen  0.09/turn              (no ring)

@: no status effects
A: no striking features
a: Renounce Religion


You were on level 3 of the Dungeon.
You worshipped Beogh.
Beogh was noncommittal.
You were very hungry.

You visited 1 branch of the dungeon, and saw 3 of its levels.

You collected 136 gold pieces.

Inventory:

Hand Weapons
 a - a +0 war axe (weapon)
Missiles
 e - 113 stones (quivered)
 g - 3 steel tomahawks
 i - 3 tomahawks
 j - 5 large rocks
 v - an exploding tomahawk
Armour
 c - a +0 shield (worn)
 t - a cursed +0 plate armour (worn)
Wands
 x - a wand of flame (32)
Scrolls
 b - a scroll of amnesia {unknown}
 h - a scroll of blinking
 n - a scroll of teleportation
 o - 3 scrolls of remove curse
 p - a scroll of enchant armour
 q - 3 scrolls of identify
 r - a scroll of immolation
 u - a scroll of fog {unknown}
Potions
 d - 2 potions of might
 k - 3 potions of degeneration {unknown}
 l - 3 potions of curing {unknown}
 m - a potion of lignification {unknown}
 s - 3 potions of ambrosia {unknown}
Comestibles
 f - 4 rations


   Skills:
 + Level 3.8 Fighting
 + Level 3.9 Axes
 + Level 0.3 Throwing
 + Level 3.7 Armour
 + Level 0.7 Stealth
 + Level 3.7 Shields


You had 3 spell levels left.
You didn't know any spells.

Dungeon Overview and Level Annotations

Branches:
Dungeon (3/15)

Altars:
Vehumet

Annotations:
D:3 1 transporter


Message History

You are feeling very hungry.
All of the chunks of flesh in your inventory have rotted away.
The electric eel shoots out a bolt of lightning at you!
The bolt of electricity hits you!
There is a transporter landing site here.
Throwing (i - inventory. (,) - cycle):
e - 114 stones (quivered)
Press: ? - help, Shift-Dir - straight line, f/p - electric eel
Aim: an electric eel (fire blocked by a translucent stone wall)
Okay, then.
The electric eel shoots out a bolt of lightning at you!
The bolt of electricity hits you! x2
* * * LOW HITPOINT WARNING * * *
Throwing (i - inventory. (,) - cycle):
e - 114 stones (quivered)
Press: ? - help, Shift-Dir - straight line, f/p - electric eel
Aim: an electric eel You throw a stone.
The stone barely misses the electric eel.
The electric eel shoots out a bolt of lightning at you!
The bolt of electricity hits you!
You die...

#######...#######
................#
##########...#####.#
##..................#
...###############..##
##.#8P#≈≈≈≈(;;#P8#...#
#..#..#.......#..#...#
..©#©[+...⌠...'.©#©..#
#(.#..#.......#.@#..##
##.#8P#≈≈≈≈≈≈;#P8#.##
#.###############.#
.................#
#######.#########
.......<###
.......>..#
..####.[#.# #..#.#


You could see 3 electric eels.

Vanquished Creatures
  An adder (D:2)
  3 dart slugs (D:1)
  A leopard gecko (D:1)
  2 orcs (D:3)
  2 ball pythons
  3 bats
  2 giant cockroaches
  8 goblins
  5 hobgoblins
  2 jackals (D:2)
  3 frilled lizards (D:1)
  4 kobolds
  2 rats
38 creatures vanquished.

Notes
Turn   | Place    | Note
-------+----------+-------------------------------------------
     0 | D:1      | HooM the Hill Orc Fighter began the quest for the Orb.
     0 | D:1      | Reached XP level 1. HP: 19/19 MP: 1/1
   139 | D:1      | Reached XP level 2. HP: 25/27 MP: 2/2
   540 | D:1      | Reached XP level 3. HP: 33/33 MP: 3/3
  1773 | D:3      | Found a transporter.
  1972 | D:3      | Reached XP level 4. HP: 40/40 MP: 4/4
  1980 | D:3      | Became a worshipper of Beogh the Brigand
  2006 | D:3      | Found a radiant altar of Vehumet.
  2237 | D:3      | Found a transporter.
  2485 | D:3      | Killed from afar by an electric eel

Skill      XL: |  1 |
---------------+----+-----
Axes           | 3 |  3.9
Fighting       | |  3.8
Throwing       | |  0.3
Armour         | |  3.7
Stealth        | |  0.7
Shields        | |  3.7

Action                   |  1- 3 |  4- 6 || total
-------------------------+-------+-------++-------
Melee: War axe           |   119 |     8 ||   127
Throw: Stone             |    75 |     9 ||    84
Invok: Convert to Beogh  |       |     1 ||     1
  Use: Scroll            |     5 |       ||     5
  Eat: Chunk             |     3 |     1 ||     4
Armor: Scale mail        |    19 |       ||    19
       Plate armour      |    31 |     7 ||    38
Dodge: Dodged            |    25 |       ||    25
Block: Shield            |    62 |     6 ||    68
